 Dungeon Crawl Stone Soup version 0.25.0-3-gd7cc568 (webtiles) character file.

Game seed: 10293281420117487672

352 shmeve the Skirmisher (level 6, 0/56 HPs)
             Began as a Minotaur Berserker on June 15, 2020.
             Was a Priest of Trog.
             Slain by an adder (1 damage)
             ... on level 4 of the Dungeon.
             The game lasted 00:05:57 (2846 turns).

shmeve the Skirmisher (Minotaur Berserker)          Turns: 2846, Time: 00:05:58

Health: 0/56       AC:  9    Str: 22    XL:     6   Next: 34%
Magic:  5/5        EV:  9    Int:  5    God:    Trog [***...]
Gold:   200        SH:  0    Dex: 10    Spells: 5/5 levels left

rFire    . . .     SeeInvis .   a - +0 hand axe
rCold    . . .     Gourm    .   (no shield)
rNeg     . . .     Faith    .   g - +0 chain mail
rPois    .         Spirit   .   (helmet restricted)
rElec    .         Reflect  .   (no cloak)
rCorr    .         Harm     .   (no gloves)
MR       .....                  (no boots)
Stlth    ..........             (no amulet)
HPRegen  0.18/turn              (no ring)
MPRegen  0.09/turn              (no ring)

@: berserk cooldown, slowed, very slow
A: retaliatory headbutt, horns 2
a: Berserk, Trog's Hand, Renounce Religion


You were on level 4 of the Dungeon.
You worshipped Trog.
Trog was most pleased with you.
You were not hungry.

You visited 1 branch of the dungeon, and saw 4 of its levels.

You collected 200 gold pieces.

Inventory:

Hand Weapons
 a - a +0 hand axe (weapon)
Armour
 g - a +0 chain mail (worn)
Jewellery
 k - a cursed +6 ring of intelligence {unknown}
Scrolls
 b - 2 scrolls of noise {unknown}
 e - 3 scrolls of random uselessness {unknown}
 f - 2 scrolls of enchant armour {unknown}
 h - 2 scrolls of magic mapping {unknown}
 n - 3 scrolls of identify {unknown}
 o - a scroll of teleportation {unknown}
Potions
 i - 2 potions of berserk rage {unknown}
 j - 2 potions of degeneration {unknown}
 l - a potion of curing {unknown}
 m - 4 potions of stabbing {unknown}
 p - 2 potions of haste {unknown}
Comestibles
 c - 10 rations
 d - 11 chunks of flesh


   Skills:
 * Level 5.6 Fighting
 * Level 5.5 Axes
 + Level 2.1 Throwing
 + Level 3.7 Armour
 + Level 3.3 Dodging


You had 5 spell levels left.
You didn't know any spells.
Your spell library was empty.

Dungeon Overview and Level Annotations

Branches:
Dungeon (4/15)
 Temple: D:4-7

Altars:
Elyvilon
Fedhas


Innate Abilities, Weirdness & Mutations

You reflexively headbutt those who attack you in melee.
You have a pair of horns on your head.


Message History

An adder comes into view.
The hound barks!
The hound bites you but does no damage. The hound barely misses you.
You hit the hound. You headbutt the hound.
The hound is moderately wounded.
The hound bites you.
* * * LOW HITPOINT WARNING * * *
The hound bites you.
* * * LOW HITPOINT WARNING * * *
You hit the hound but do no damage. Your headbutt misses the hound.
The hound is moderately wounded.
You barely miss the adder. The hound barely misses you.
The adder bites you but does no damage. The hound closely misses you.
The adder bites you but does no damage.
You slash the hound! Your headbutt misses the hound.
The hound is almost dead.
You barely miss the adder. The hound bites you.
* * * LOW HITPOINT WARNING * * *
The adder bites you.
You die...

. .. .####.......)...# $.
#.## ......#..######.#
...#... ###.#..## #...
....... #.#..# #.##
....... ####....# ####.#
####...####.....#.###....#
........).......#.##...###
#####..#........#.##...#
#.....@............##
#.....Sh............##
#......................##
..#............###..#....
...............# ##......
?####.....!....## #......
............# ##.#...
.............# #.#..#
..#.##


You could see a hound and an adder.

Vanquished Creatures
  An ogre (D:4)
  A hound (D:3)
  Natasha (twice) (D:3)
  7 gnolls
  2 adders
  An adder skeleton (D:4)
  8 worms
  3 dart slugs
  5 leopard geckos
  6 orcs
  4 giant cockroaches
  3 goblins
  9 hobgoblins
  A quokka (D:3)
  A ball python (D:4)
  10 bats
  3 frilled lizards
  2 kobolds
  5 rats
74 creatures vanquished.

Notes
Turn   | Place    | Note
-------+----------+-------------------------------------------
     0 | D:1      | shmeve the Minotaur Berserker began the quest for the Orb.
     0 | D:1      | Reached XP level 1. HP: 19/19 MP: 0/0
   283 | D:1      | Reached XP level 2. HP: 27/27 MP: 1/1
  1003 | D:2      | Reached XP level 3. HP: 23/33 MP: 2/2
  1172 | D:2      | Reached ** piety under Trog
  1350 | D:2      | Reached skill level 1 in Throwing
  1350 | D:2      | Reached XP level 4. HP: 41/41 MP: 3/3
  1435 | D:2      | Found a blossoming altar of Fedhas.
  1819 | D:3      | Noticed Natasha
  1825 | D:3      | Killed Natasha
  1825 | D:3      | Reached XP level 5. HP: 47/47 MP: 4/4
  1940 | D:3      | Noticed Natasha
  1948 | D:3      | Killed Natasha
  1948 | D:3      | Reached skill level 5 in Fighting
  1993 | D:3      | Found a white marble altar of Elyvilon.
  2058 | D:3      | Reached skill level 5 in Axes
  2330 | D:3      | Reached *** piety under Trog
  2697 | D:4      | Reached XP level 6. HP: 55/56 MP: 5/5
  2844 | D:4      | HP: 1/56 [hound (2)]
  2846 | D:4      | Slain by an adder

Illustrated notes

Levels and vault maps discovered:
D:1:      grunt_arrival_crossed_arrows, layout_loops_corners
D:2:      layout_rooms, fedhas_altar_2, first_ration
D:3:      layout_basic, elyvilon_altar_4, uniq_natasha
D:4:      layout_rooms, gammafunk_ghost_smash

Skill      XL: |  1  2  3  4  5 |
---------------+----------------+-----
Fighting       | 4 5 |  5.6
Axes           | 4 5 |  5.5
Throwing       | 1 2 |  2.1
Armour         | 3 |  3.7
Dodging        | 3 |  3.3

Action                   |  1- 3 |  4- 6 || total
-------------------------+-------+-------++-------
Melee: Hand axe          |    63 |    99 ||   162
       Headbutt          |    13 |    19 ||    32
Invok: Berserk           |     2 |     6 ||     8
  Eat: Chunk             |     2 |    11 ||    13
Armor: Animal skin       |     5 |       ||     5
       Chain mail        |    29 |    39 ||    68
Dodge: Dodged            |    41 |    57 ||    98
